Map: Romanticide LE

Players

Lemon

  • Race: Terran Terran

Has - Winner!

  • Race: Protoss Protoss

Event: DreamHack SC2 Masters 2021 Fall

VOD

Have the link to the VOD?

Description

Time

  • Played on: July 28, 2021, 8:59 a.m.
  • Length: 4:52

All games in this series

Show
View Real Time Build Order
Export as new Build Order

Lemon Terran 

Build Orders:  

Get SALT Encoding   

  12  0:00  SCV  
  13  0:12  SCV  
  14  0:17  Supply Depot  
  14  0:24  SCV  
  14  0:28  Refinery  
  15  0:38  SCV  
  16  0:45  Barracks  
  16  0:50  SCV  
  17  1:03  SCV  
  18  1:08  Engineering Bay  
  18  1:15  SCV  
  19  1:32  Factory  
  19  1:35  Marine  
  20  1:40  Orbital Command  
  20  1:51  Supply Depot  
  20  2:01  Barracks Reactor  
  20  2:06  SCV  
  21  2:18  SCV  
  21  2:20  Command Center  
  22  2:27  Hellion  
  24  2:31  SCV  
  24  2:36  Marine x2  
  27  2:45  Barracks  
  27  2:50  SCV  
  28  2:59  Barracks  
  28  3:01  Marine x2  
  28  3:03  SCV  
  31  3:10  Supply Depot  
  31  3:26  Marine x2  
  31  3:27  Engineering Bay  
  31  3:32  SCV, Orbital Command  
  32  3:35  Barracks Tech Lab  
  32  3:44  Marine x2  
  32  3:48  Barracks Tech Lab  
  34  3:53  Orbital Command  
  34  3:56  Bunker  
  34  3:57  Marauder  
  36  4:04  Marine  
  36  4:05  Marine  
  36  4:08  SCV  
  39  4:17  Marine  
  39  4:18  Marine  
  36  4:35  Bunker  
  36  4:37  SCV x2  
Show
View Real Time Build Order
Export as new Build Order

Has Protoss - Winner!

Build Orders:  

Get SALT Encoding   

  12  0:00  Probe  
  13  0:12  Probe  
  14  0:19  Pylon  
  14  0:24  Probe  
  15  0:37  Gateway, Probe (Chrono Boost)  
  16  0:47  Probe (Chrono Boost)  
  16  0:49  Assimilator  
  17  0:52  Probe (Chrono Boost)  
  18  1:04  Probe  
  19  1:16  Probe  
  20  1:19  Assimilator  
  20  1:24  Cybernetics Core  
  20  1:25  Zealot  
  20  1:28  Probe  
  20  1:29  Pylon  
  23  1:47  Probe  
  24  1:59  Probe  
  25  2:02  Stalker  
  25  2:04  Warp Gate  
  27  2:11  Probe  
  27  2:14  Robotics Facility  
  28  2:18  Pylon  
  28  2:23  Probe  
  28  2:29  Stalker (Chrono Boost)  
  31  2:45  Nexus  
  31  3:00  Gateway  
  31  3:01  Observer (Chrono Boost)  
  31  3:05  Gateway  
  33  3:15  Warp Prism (Chrono Boost)  
  34  3:22  Probe  
  35  3:34  Pylon, Probe  
  36  3:46  Probe  
  37  3:48  Twilight Council  
  39  4:08  Stalker x3  
  39  4:09  Probe  
  44  4:11  Probe  
  45  4:21  Probe  
  45  4:23  Probe  
  47  4:28  Dark Shrine  
  45  4:39  Stalker x3  

Tags
 
Add a new tag
Caveats
  • Supply blocks, unpowered buildings, or Contaminate may cause inaccurate times.
  • Supply counts are checked every 10 seconds.